 Dungeon Crawl Stone Soup version 0.21.1-1-g345015f (webtiles) character file.

187 letownia2 the Ruffian (level 5, 35/41 HPs)
             Began as a Demonspawn Gladiator on July 15, 2018.
             Quit the game on level 3 of the Dungeon.
             The game lasted 00:04:45 (717 turns).

letownia2 the Ruffian (Demonspawn Gladiator)         Turns: 717, Time: 00:04:46

Health: 35/41      AC:  5    Str: 15    XL:     5   Next: 39%
Magic:  5/5        EV: 12    Int: 10    God:
Gold:   40         SH:  0    Dex: 16    Spells: 4/4 levels left

rFire    . . .     SeeInvis .     - Unarmed
rCold    . . .     Gourm    .   (no shield)
rNeg     . . .     Faith    .   g - +0 ring mail
rPois    .         Spirit   +   (helmet restricted)
rElec    .         Reflect  .   (no cloak)
rCorr    .         Harm     .   (no gloves)
MR       .....                  (no boots)
Stlth    +.........             m - amulet of inaccuracy (curse)
HPRegen  0.13/turn              (no ring)
MPRegen  0.09/turn              (no ring)

@: no status effects
A: horns 1, thin skeletal structure 1, magic shield
a: no special abilities


You were on level 3 of the Dungeon.
You were not hungry.

You visited 1 branch of the dungeon, and saw 3 of its levels.

You collected 40 gold pieces.

Inventory:

Missiles
 c - a throwing net (quivered)
 i - 18 bolts
Armour
 a - a +0 leather armour
 b - a +0 helmet
 g - a +0 ring mail (worn)
 h - a +0 plate armour
 j - a +0 scale mail
Jewellery
 m - a cursed amulet of inaccuracy (around neck)
Wands
 k - a wand of flame (6)
 l - a wand of enslavement (12)
Scrolls
 n - a scroll of teleportation
Potions
 e - 2 potions of haste {unknown}
 f - a potion of berserk rage {unknown}
Comestibles
 d - 3 rations


   Skills:
 + Level 3.4 Fighting
 - Level 1.7 Throwing
 - Level 2.2 Armour
 - Level 2.6 Dodging
 - Level 4.2 Unarmed Combat


You had 4 spell levels left.
You didn't know any spells.

Dungeon Overview and Level Annotations

Branches:
Dungeon (3/15)

Altars:


Innate Abilities, Weirdness & Mutations

You have a pair of small horns on your head.
You have a somewhat thin skeletal structure. (Dex +2, Stealth)
When hurt, damage is shared between your health and your magic reserves.


Message History

The electric eel is engulfed in a cloud of scalding steam.
You kill the electric eel!
You hear a splash.
Your Fighting skill increases to level 3!
There is a transporter landing site here.
Unknown command.
There is an open door here.
Found a scroll of teleportation.
Found a ration.
Found a transporter.
Found a ration.
The adder hisses angrily.
You open the door.
There is an open door here.
n - a scroll of teleportation
d - 3 rations (gained 1)
There are no items here.
There is a transporter here.
You enter the transporter and appear at another place.
The adder closely misses you. x2
Are you sure you want to abandon this character and quit the game? (Confirm with "yes".)

#.........#.. ...
##................
##.............. ..
#...........##.####
#..og..............
#..###############.
##..#8P#≈≈≈≈≈≈†#P8#.
##...#..#.......#..#.
#..S@#§.'...♣...'.©#g
#.....#..#.......#..#w
#.....#8P#≈≈≈≈≈≈≈#P8#.
#.....###############.
##....................
#..%..#####......###.
#....... #..?.....##.
#....... ..........#.
.. #..........#.


You could see a gnoll, an adder and an orc.

Vanquished Creatures
  A howler monkey (D:2)
  3 electric eels (D:3)
  An adder (D:3)
  An adder skeleton (D:2)
  A worm (D:3)
  3 leopard geckos (D:2)
  5 hobgoblins
  A quokka (D:2)
  A ball python (D:2)
  A bat (D:2)
  A frilled lizard (D:3)
  3 goblins
  3 rats
25 creatures vanquished.

Vanquished Creatures (collateral kills)
  A worm (D:3)
  A dart slug (D:3)
  A leopard gecko (D:3)
3 creatures vanquished.

Vanquished Creatures (others)
  An adder (D:3)
1 creature vanquished.

Grand Total: 29 creatures vanquished

Notes
Turn   | Place    | Note
-------+----------+-------------------------------------------
     0 | D:1      | letownia2 the Demonspawn Gladiator began the quest for the Orb.
     0 | D:1      | Reached XP level 1. HP: 16/16 MP: 1/1
    58 | D:2      | Reached skill level 3 in Unarmed Combat
   118 | D:3      | Found a transporter.
   139 | D:3      | Gained mutation: When hurt, damage is shared between your health and your magic reserves. [demonic ancestry]
   139 | D:3      | Reached XP level 2. HP: 8/22 MP: 2/2
   152 | D:3      | Noticed an electric eel
   152 | D:3      | Noticed an electric eel
   183 | D:2      | Noticed a howler monkey
   198 | D:2      | Killed a howler monkey
   198 | D:2      | Reached skill level 4 in Unarmed Combat
   198 | D:2      | Reached XP level 3. HP: 15/27 MP: 3/3
   490 | D:2      | Reached skill level 1 in Armour
   550 | D:3      | Gained mutation: You have a somewhat thin skeletal structure. (Dex +2, Stealth) [demonic ancestry]
   550 | D:3      | Reached XP level 4. HP: 23/33 MP: 4/4
   696 | D:3      | Gained mutation: You have a pair of small horns on your head. [demonic ancestry]
   696 | D:3      | Reached XP level 5. HP: 35/39 MP: 5/5
   704 | D:3      | Found a transporter.
   717 | D:3      | Quit the game

Skill      XL: |  1  2  3  4  5 |
---------------+----------------+-----
Unarmed Combat | 3 4 |  4.2
Armour         | 1 2 |  2.2
Fighting       | 3 |  3.4
Throwing       | |  1.7
Dodging        | |  2.6

Action                   |  1- 3 |  4- 6 || total
-------------------------+-------+-------++-------
Melee: Unarmed           |   120 |    21 ||   141
       Punch             |       |     1 ||     1
Throw: Throwing net      |     2 |       ||     2
Evoke: Wand              |     8 |     3 ||    11
  Use: Scroll            |     3 |       ||     3
 Stab: Sleeping          |     1 |       ||     1
       Held in net/web   |     2 |       ||     2
Armor: Leather armour    |     8 |       ||     8
       Ring mail         |    24 |    10 ||    34
       Skin              |     1 |       ||     1
Dodge: Dodged            |    64 |    15 ||    79
